 Dungeon Crawl Stone Soup version 0.30-a0-371-gad7725a93e (webtiles) character file.

Game seed: 1205021966752446567

882 Maxmaps the Trooper (level 7, -8/56 HPs)
             Began as a Demonspawn Gladiator on Nov 23, 2022.
             Was a Follower of Cheibriados.
             Mangled by an ogre
             ... wielding a +0 giant spiked club
              (34 damage)
             ... on level 6 of the Dungeon.
             The game lasted 00:04:45 (4699 turns).

Maxmaps the Trooper (Demonspawn Gladiator)          Turns: 4699, Time: 00:04:45

Health: -8/56      AC: 12    Str: 16    XL:     7   Next: 76%
Magic:  7/7        EV:  8    Int: 14    God:    Cheibriados [*.....]
Gold:   321        SH:  0    Dex: 16    Spells: 6/6 levels left

rFire   . . .      SeeInvis .      - Unarmed
rCold   . . .      Faith    .    (no shield)
rNeg    . . .      Spirit   .    n - +0 chain mail
rPois   .          Reflect  .    A - +2 helmet
rElec   .          Harm     .    y - scarf {+Inv}
rCorr   .          Rampage  .    (no gloves)
Will    .....                    (no boots)
Stlth   ..........               (no amulet)
HPRegen 0.29/turn                (no ring)
MPRegen 0.10/turn                (no ring)

@: very slow
A: ignite blood 1, weakness stinger 1
a: Renounce Religion, Evoke Invisibility, Bend Time


You were on level 6 of the Dungeon.
You worshipped Cheibriados.
Cheibriados was aware of your devotion.
You visited 2 branches of the dungeon, and saw 7 of its levels.

You collected 321 gold pieces.

Inventory:

Hand Weapons
 B - a +1 war axe of flaming
Missiles
 d - 3 throwing nets (quivered)
 e - a javelin
 k - 6 silver javelins
Armour
 b - a +0 leather armour
 c - a +0 helmet
 n - a +0 chain mail (worn)
 y - a scarf of invisibility (worn)
 A - a +2 helmet (worn)
Jewellery
 C - a ring of protection from cold
Wands
 r - a wand of charming (15)
 D - a wand of roots (9)
 G - a wand of polymorph (14)
Scrolls
 f - 5 scrolls of enchant weapon {unknown}
 h - 11 scrolls of identify {unknown}
 i - 2 scrolls of vulnerability {unknown}
 j - 5 scrolls of immolation {unknown}
 l - a scroll of blinking {unknown}
 o - 2 scrolls of teleportation {unknown}
 u - a scroll of amnesia {unknown}
 v - a scroll of brand weapon {unknown}
 z - a scroll of magic mapping {unknown}
 E - a scroll of fear {unknown}
 I - a scroll of butterflies {unknown}
Potions
 g - a potion of lignification {unknown}
 m - a potion of ambrosia {unknown}
 p - 4 potions of curing {unknown}
 q - 2 potions of flight {unknown}
 s - 2 potions of heal wounds {unknown}
 t - 3 potions of attraction {unknown}
 w - 3 potions of degeneration {unknown}
 x - 2 potions of resistance {unknown}
 F - a potion of invisibility {unknown}
 H - 2 potions of brilliance {unknown}


   Skills:
 - Level 5.1 Fighting
 - Level 2.6 Long Blades
 - Level 1.7 Throwing
 - Level 4.1 Armour
 - Level 4.0 Dodging
 + Level 4.0 Unarmed Combat


You had 6 spell levels left.
You didn't know any spells.
Your spell library contained the following spells:

 Spells                   Type           Power      Damage    Failure   Level
 Necrotise                Necr           0%         1d4       99%         1
 Gell's Gravitas          Tloc           0%         N/A       100%        3
 Inner Flame              Hex/Fire       0%         N/A       100%        3
 Lesser Beckoning         Tloc           0%         N/A       100%        3
 Teleport Other           Tloc           0%         N/A       100%        3
 Vampiric Draining        Necr           0%         2d6       100%        3
 Flame Wave               Conj/Fire      0%         2d4       100%        4
 Sticky Flame             Conj/Fire      0%         2d3       100%        4
 Agony                    Necr           0%         N/A       100%        5
 Alistair's Intoxication  Tmut/Pois      0%         N/A       100%        5
 Borgnjor's Vile Clutch   Necr/Erth      0%         N/A       100%        5
 Yara's Violent Unravell  Hex/Tmut       0%         3d3       100%        5
 Dispersal                Tloc           0%         N/A       100%        6
 Eringya's Noxious Bog    Tmut/Pois      0%         N/A       100%        6
 Enfeeble                 Hex            0%         N/A       100%        7


Dungeon Overview and Level Annotations

Branches:
Dungeon (6/15)             Temple (1/1) D:4

Altars:
Cheibriados
Dithmenos
Hepliaklqana
Kikubaaqudgha
Nemelex Xobeh
Okawaru
Trog
Vehumet
Wu Jian
Xom
Yredelemnul


Innate Abilities, Weirdness & Mutations

Your demonic aura sometimes causes spilled blood to erupt in flames.
You have a small tail.


Message History

No target in view!
No target in view!
No target in view!
No target in view!
No target in view!
No target in view!
An ogre comes into view. It is wielding a +0 giant spiked club.
The ogre shouts!
An ogre is nearby!
An ogre is nearby!
You see here 6 gold pieces.
You hit the ogre but do no damage. You tail-slap the ogre.
The ogre is lightly wounded.
The ogre hits you with a +0 giant spiked club!
You hit the ogre.
The ogre is moderately wounded.
The ogre hits you with a +0 giant spiked club!!
You are too injured to fight recklessly!
You are too injured to fight recklessly!
You are too injured to fight recklessly!
You are too injured to fight recklessly!
You are too injured to fight recklessly!
You are too injured to fight recklessly!
You are too injured to fight recklessly!
You are too injured to fight recklessly!
You are too injured to fight recklessly!
You are too injured to fight recklessly!
You are too injured to fight recklessly!
You are too injured to fight recklessly!
You are too injured to fight recklessly!
You are too injured to fight recklessly!
You are too injured to fight recklessly!
You are too injured to fight recklessly!
You punch the ogre!
The ogre is severely wounded.
You hit the ogre.
The ogre is severely wounded.
The ogre hits you with a +0 giant spiked club!!
Ouch! That really hurt!
You die...

... # #.. ##
....#.. #..
#...... #... ..
..#..##..# #.
........# ##..
.......# #...
####O.....#
#..##...@○....#
#..##.°......#
#..#......#.##
#..<......# #
###.......#
#....>###
#.....# #######


You could see an ogre.

Vanquished Creatures
  A black bear (D:5)
  An ogre (D:4)
  A phantom (D:5)
  A scorpion (D:5)
  A hound (D:5)
  An orc priest (D:5)
  A jelly (D:5)
  A gnoll bouda (D:4)
  Ijyb (D:3)
  5 iguanas
  Natasha (D:3)
  2 orc wizards (D:5)
  8 gnolls
  5 adders
  A worm (D:2)
  4 dart slugs
  13 orcs (D:5)
  13 ball pythons
  9 endoplasms
  A giant cockroach (D:2)
  8 goblins
  4 hobgoblins
  3 jackals (D:4)
  4 kobolds
  4 quokkas
  10 bats
  6 frilled lizards
  2 rats (D:1)
112 creatures vanquished.

Notes
Turn   | Place    | Note
-------+----------+-------------------------------------------
     0 | D:1      | Maxmaps the Demonspawn Gladiator began the quest for the
                  | Orb.
     0 | D:1      | Reached XP level 1. HP: 16/16 MP: 1/1
    92 | D:1      | Discovered your monstrous ancestry.
    92 | D:1      | Gained mutation: You have a small tail. [demonic ancestry]
    92 | D:1      | Reached XP level 2. HP: 17/23 MP: 2/2
   276 | D:1      | Reached skill level 3 in Fighting
   646 | D:1      | Reached XP level 3. HP: 26/29 MP: 3/3
  1006 | D:2      | Reached skill level 1 in Armour
  1542 | D:3      | Reached XP level 4. HP: 35/35 MP: 4/4
  1669 | D:3      | Noticed Natasha
  1674 | D:3      | Killed Natasha
  1754 | D:3      | Noticed Ijyb
  1791 | D:3      | Killed Ijyb
  2304 | D:4      | Reached XP level 5. HP: 23/41 MP: 5/5
  3057 | D:4      | Found a staircase to the Ecumenical Temple.
  3062 | D:4      | Gained mutation: Your demonic aura sometimes causes spilled
                  | blood to erupt in flames. [demonic ancestry]
  3062 | D:4      | Reached XP level 6. HP: 47/47 MP: 6/6
  3072 | Temple   | Entered the Ecumenical Temple
  3079 | Temple   | Became a worshipper of Cheibriados the Contemplative
  3442 | D:5      | Entered Level 5 of the Dungeon
  3645 | D:5      | Reached skill level 4 in Fighting
  3806 | D:5      | Reached skill level 5 in Fighting
  3806 | D:5      | Reached XP level 7. HP: 37/56 MP: 7/7
  3950 | D:5      | Reached skill level 1 in Unarmed Combat
  4012 | D:5      | Reached * piety under Cheibriados
  4699 | D:6      | Mangled by an ogre

Illustrated notes

Levels and vault maps discovered:
D:1:      dpeg_arrival_subterranean_lakeside_camping, layout_basic
D:2:      layout_basic
D:3:      layout_loops_cross, uniq_natasha, uniq_ijyb
D:4:      layout_loops_ring, minmay_temple_entry_fiery, st_stairs_9
D:5:      layout_basic, serial_co_window_serial, co_window_cross_1,
          co_window_paths_a, co_window_of_opportunity_a,
          co_window_of_opportunity_a, co_window_paths_a, co_window_broadway_c,
          co_window_broadway_b, co_window_cross_2, co_window_2corner,
          co_window_paths_d, glass_columns_c, glass_columns_c, glass_columns_a,
          glass_columns_c
D:6:      layout_cave_pools, mainiacjoe_overflow_alcove_2, serial_column_ruins,
          column_ruins_hut_water, column_ruins_grid_1, column_ruins_open_large,
          column_ruins_open_tiny, column_ruins_grid_3, column_ruins_grid_1,
          column_ruins_open_small, hangedman_decor_peaks_small,
          uniq_blork_the_orc, uniq_maggie
Temple:   nicolae_temple_no_exploring_needed

Skill      XL: |  1  2  3  4  5  6  7 |
---------------+----------------------+-----
Fighting       | 3 5 |  5.1
Armour         | 2 3 4 |  4.1
Dodging        | 3 4 |  4.0
Unarmed Combat | 4 |  4.0
Long Blades    | |  2.6
Throwing       | |  1.7

Action                   |  1- 3 |  4- 6 |  7- 9 || total
-------------------------+-------+-------+-------++-------
Melee: Long sword        |   122 |   181 |    57 ||   360
       Tailslap          |    13 |    24 |    15 ||    52
       Punch             |       |     1 |     2 ||     3
       Unarmed           |       |       |    11 ||    11
Armor: Leather armour    |    19 |       |       ||    19
       Chain mail        |    52 |    95 |    41 ||   188
Dodge: Dodged            |    53 |    88 |    29 ||   170

Table legend: (Time is in decaauts)
 A = Elapsed time spent in this place.
 B = Non-inter-level travel time spent in this place.
 C = Inter-level travel time spent in this place.
 D = Time resting spent in this place.
 E = Time spent auto-exploring this place.
 F = Levels seen in this place.
 G = Mean time per level.
                   A        B        C        D        E       F      G
               +--------+--------+--------+--------+--------+-----+--------+
         Total |   5144 |   4983 |    161 |    678 |   3351 |   7 |  734.9 |
       Dungeon |   5128 |   4967 |    161 |    678 |   3351 |   6 |  854.7 |
        Temple |     16 |     16 |      0 |      0 |      0 |   1 |   16.0 |
               +--------+--------+--------+--------+--------+-----+--------+

Top non-repeatable levels by time:
     D:5: 1534 daAuts
     D:4: 1183 daAuts
     D:1: 941 daAuts
     D:3: 863 daAuts
     D:2: 586 daAuts
     D:6: 18 daAuts
  Temple: 16 daAuts
